AoeStats
← Juanfreelance

MegaRandom

507400784Analyzed
2v2 RM · 14d ago on Sep 18, 2026· 62m 22s· 4 players
Game mode
Random Map
Map size
Medium (4 player)
Population
200
Speed
Normal
Resources
Standard
Victory
Conquest
Starting age
Dark Age
Ending age
Imperial Age
RankedLock teamsTeams togetherTeam positionsShared explorationLock speedFull tech treeHidden civsTurbo modeCheats
Victory
Defeat
🇦🇷 Khmer · Argentina
1300
+14
🇦🇷 Persians · Argentina
1264
+15
🇵🇦 Persians · Panama
1270
-15
🇬🇧 Byzantines · United Kingdom
1230
-14
elPreto
11:12 Feudal Age
11:55 Loom
15:43 Castle Age
13:41 Double-Bit Axe
13:53 Horse Collar
17:18 Bow Saw
18:03 Heavy Plow
21:18 Town Watch
22:26 Wheelbarrow
22:58 Gold Mining
23:57 Hand Cart
24:31 Scale Barding Armor
24:38 Forging
25:01 Husbandry
25:28 Bloodlines
26:06 Gold Shaft Mining
26:45 Fletching
32:50 Chain Barding Armor
33:06 Iron Casting
32:57 Stone Mining
35:58 Imperial Age
35:05 Masonry
36:40 Cavalier
36:58 Heavy Camel Rider
39:30 Two-Man Saw
39:02 Crop Rotation
39:54 Plate Barding Armor
40:20 Blast Furnace
41:22 Hoardings
40:44 Bodkin Arrow
41:21 Architecture
41:12 Devotion
42:28 Conscription
42:06 Elite War Elephant
45:41 Guilds
47:33 Kamandaran
48:19 Padded Archer Armor
49:22 Chemistry
48:43 Ballistics
49:34 Leather Archer Armor
49:08 Crossbowman
49:55 Thumb Ring
54:21 Citadels
54:43 Ring Archer Armor
57:07 Light Cavalry
62:15 Coinage
Soul Manus
7:05 Loom
10:00 Feudal Age
16:00 Scale Barding Armor
16:35 Forging
22:04 Castle Age
20:01 Double-Bit Axe
20:24 Horse Collar
21:05 Gold Mining
22:59 Bloodlines
23:12 Chain Barding Armor
29:35 Husbandry
30:29 Iron Casting
33:26 Imperial Age
31:37 Wheelbarrow
31:36 Town Watch
33:05 Hand Cart
35:23 Plate Barding Armor
34:09 Cavalier
36:54 Blast Furnace
38:43 Scale Mail Armor
38:39 Pikeman
39:30 Town Patrol
40:11 Halberdier
42:08 Chain Mail Armor
43:33 Conscription
45:32 Elite Ballista Elephant
48:02 Fletching
49:05 Bodkin Arrow
49:49 Arson
54:36 Double Crossbow
55:16 Caravan
Juanfreelance
6:41 Loom
9:10 Feudal Age
9:42 Double-Bit Axe
9:38 Horse Collar
21:00 Castle Age
20:09 Forging
20:04 Scale Barding Armor
20:12 Bloodlines
20:35 Gold Mining
22:10 Husbandry
22:47 Bow Saw
22:58 Heavy Plow
26:15 Iron Casting
26:24 Chain Barding Armor
29:18 Wheelbarrow
31:37 Hand Cart
31:09 Town Watch
33:43 Town Patrol
37:04 Imperial Age
36:40 Heavy Camel Rider
38:35 Blast Furnace
39:08 Plate Barding Armor
39:56 Two-Man Saw
38:36 Light Cavalry
40:47 Hussar
40:58 Pikeman
41:38 Squires
41:23 Arson
41:41 Scale Mail Armor
41:36 Halberdier
44:17 Chain Mail Armor
45:43 Plate Mail Armor
54:07 Kamandaran
54:28 Conscription
54:50 Crossbowman
55:35 Thumb Ring
55:24 Fletching
58:07 Bodkin Arrow
58:13 Padded Archer Armor
skabbet
6:19 Loom
9:28 Feudal Age
10:35 Double-Bit Axe
19:48 Castle Age
19:51 Horse Collar
22:16 Scale Barding Armor
24:42 Forging
25:16 Husbandry
25:34 Heavy Plow
27:05 Wheelbarrow
30:27 Chain Barding Armor
33:06 Hand Cart
36:58 Imperial Age
34:45 Fletching
34:57 Padded Archer Armor
35:35 Iron Casting
35:07 Gold Mining
36:04 Bow Saw
35:32 Elite Skirmisher
36:10 Bodkin Arrow
36:42 Ballistics
37:04 Heavy Camel Rider
38:32 Plate Barding Armor
39:34 Bracer
39:50 Leather Archer Armor
40:43 Chemistry
40:29 Man-at-Arms
40:33 Pikeman
41:14 Squires
41:19 Scale Mail Armor
42:26 Halberdier
44:33 Chain Mail Armor
45:47 Plate Mail Armor
47:20 Conscription
48:17 Arson
48:56 Elite Cataphract
49:48 Logistica
50:34 Block Printing
50:40 Sanctity
55:32 Fervor
57:40 Onager
Connection lost

Rejoining the realm…

Still unreachable

The connection could not be restored.

Session expired

The server has moved on; the page needs a fresh start.